 Dungeon Crawl Stone Soup version 0.17-a0-1515-gfae3d72 (webtiles) character file.

72 varitox the Conjurer (level 4, -2/24 HPs)
             Began as a Deep Elf Conjurer on July 12, 2015.
             Slain by a gnoll
             ... wielding a +2 halberd of distortion
              (7 damage)
             ... on level 2 of the Dungeon.
             The game lasted 00:07:27 (1051 turns).

varitox the Conjurer (Deep Elf Conjurer)            Turns: 1051, Time: 00:07:27

Health: -2/24      AC:  3    Str:  5    XL:     4   Next: 7%
Magic:  6/11       EV:  8    Int: 21    God:
Gold:   67         SH:  0    Dex: 15    Spells: 2 memorised, 7 levels left

rFire  . . .     SeeInvis .     n - +0 dagger
rCold  . . .     Clarity  .     l - +0 robe
rNeg   . . .     SustAt   .     (no shield)
rPois  .         Gourm    .     (no helmet)
rElec  .         Spirit   .     (no cloak)
rCorr  .         Warding  .     (no gloves)
rMut   .         Stasis   .     k - +0 pair of boots
MR     .....                    (no amulet)
Stlth  ++........               (no ring)
                                (no ring)

@: not resistant to hostile enchantments, unstealthy
A: no striking features
a: no special abilities


You were on level 2 of the Dungeon.
You were not hungry.

You visited 1 branch of the dungeon, and saw 3 of its levels.

You collected 67 gold pieces.

Inventory:

Hand weapons
 n - a +0 dagger (weapon)
Armour
 k - a +0 pair of boots (worn)
 l - a +0 robe (worn)
Scrolls
 a - a scroll of fear {unknown}
 d - 5 scrolls of identify {unknown}
 e - a scroll of random uselessness {unknown}
 f - a scroll of amnesia {unknown}
 i - a scroll of noise {unknown}
 o - a scroll of recharging {unknown}
Potions
 g - a potion of cure mutation {unknown}
 h - a potion of agility {unknown}
 j - a potion of flight {unknown}
Books
 b - a book of Conjurations

   Spells                             Type                      Level
   a - Magic Dart                     Conjuration                  1
   b - Searing Ray                    Conjuration                  2
   c - Dazzling Spray                 Conjuration/Hexes            3
   d - Fulminant Prism                Conjuration/Hexes            4
   e - Iskenderun's Mystic Blast      Conjuration                  4
   f - Iskenderun's Battlesphere      Conjuration/Charms           5
Comestibles
 c - a bread ration


   Skills:
 + Level 2.8 Dodging
 + Level 2.6 Stealth
 + Level 0.1 Unarmed Combat
 + Level 3.5 Spellcasting
 + Level 5.7 Conjurations


You had 7 spell levels left.
You knew the following spells:

 Your Spells              Type           Power        Failure   Level  Hunger
a - Magic Dart            Conj           ####         1%          1    None
b - Searing Ray           Conj           ####..       1%          2    ##.....


Dungeon Overview and Level Annotations

Branches:
Dungeon (3/15)

Altars:


Message History

You feel clever.
The searing ray hits the gnoll.
The gnoll is severely wounded.
The gnoll hits you from afar with a halberd of distortion.
* * * LOW HITPOINT WARNING * * *
Space bends around you.
* * * LOW HITPOINT WARNING * * *
There is an open door here.
You close the door.
A gnoll opens the door.
You see here a hunting sling.
You open the door. The gnoll barely misses you.
There is an open door here.
You close the door.
A gnoll opens the door.
You close the door.
A gnoll opens the door.
You close the door.
A gnoll opens the door.
There is a stone staircase leading down here.
You see here a stone.
The gnoll hits you from afar with a halberd of distortion!
You die...

### ....##########
.............# ######
.......(.....#######....#
.............@(.......#.#
..........รท..###......#.######
............g# #.#..#.#.......
......(......# #.#<.#.#######.
.............# #.##.#.# #.
....##+####'## #....#.# #. ....
#. #.#########.# #. .. #.
#)..........# #.
...###.#####.....############.


You could see a gnoll.

Vanquished Creatures
  3 gnolls (D:2)
  2 adders (D:2)
  A worm (D:2)
  A giant cockroach (D:1)
  A hobgoblin (D:2)
  2 jackals (D:3)
  A ball python (D:1)
  5 bats (D:1)
  3 giant newts (D:1)
  A goblin (D:1)
  4 kobolds
  4 rats
28 creatures vanquished.

Notes
Turn   | Place    | Note
--------------------------------------------------------------
     0 | D:1      | varitox the Deep Elf Conjurer began the quest for the Orb.
     0 | D:1      | Reached XP level 1. HP: 10/10 MP: 6/6
   245 | D:1      | Reached XP level 2. HP: 15/15 MP: 5/8
   249 | D:1      | Learned a level 2 spell: Searing Ray
   406 | D:1      | Reached skill level 5 in Conjurations
   732 | D:3      | Reached XP level 3. HP: 17/19 MP: 2/9
  1034 | D:2      | Reached XP level 4. HP: 12/24 MP: 4/11
  1051 | D:2      | Slain by a gnoll

Vault maps used:
D:1:      minmay_arrival_five_plusses
D:2:      lemuel_zombie_altar_yredelemnul, uniq_crazy_yiuf_cottage
D:3:      first_bread, gup_sewer_entry_spiral, minmay_vboxes

Action                   |  1- 3 |  4- 6 || total
-------------------------+-------+-------++-------
Melee: Unarmed           |     3 |       ||     3
 Cast: Magic Dart        |    47 |       ||    47
       Searing Ray       |     3 |       ||     3
 Stab: Sleeping          |     1 |       ||     1
